 Dungeon Crawl Stone Soup version 0.31-a0-1447-g87ca8d402b (webtiles) character file.

Game seed: 17512321189174404501

55 Curundu the Poker (level 3, -3/34 HPs)
             Began as a Minotaur Berserker on Dec 28, 2023.
             Was a Believer of Trog.
             Killed from afar by Sigmund (6 damage)
             ... with a puff of flame
             ... on level 3 of the Dungeon.
             The game lasted 00:03:46 (1196 turns).

Curundu the Poker (Minotaur Berserker)              Turns: 1196, Time: 00:03:47

Health: -3/34      AC:  4    Str: 23    XL:     3   Next: 67%
Magic:  2/2        EV: 12    Int:  4    God:    Trog [**....]
Gold:   18         SH:  0    Dex:  9    Spells: 2/2 levels left

rFire   . . .        a - +0 spear
rCold   . . .        (no shield)
rNeg    . . .        b - +0 animal skin
rPois   .            (helmet restricted)
rElec   .            d - +0 cloak
rCorr   .            k - +0 pair of gloves
SInv    .            (no boots)
Will    ++...        (no amulet)
Stlth   +            (no ring)
HPRegen 1.25/turn    (no ring)
MPRegen 0.08/turn

%: no passive effects
@: lethally poisoned (-3 -> -3), strong-willed, regenerating
A: horns 2, retaliatory headbutt
a: Renounce Religion, Berserk, Trog's Hand


You were on level 3 of the Dungeon.
You worshipped Trog.
Trog was pleased with you.
You visited 1 branch of the dungeon, and saw 3 of its levels.

You collected 18 gold pieces.

Inventory:

Hand Weapons
 a - a +0 spear (weapon)
Armour
 b - a +0 animal skin (worn)
 d - a +0 cloak (worn)
 k - a +0 pair of gloves (worn)
Scrolls
 c - a scroll of vulnerability {unknown}
 e - a scroll of torment {unknown}
 f - a scroll of poison {unknown}
 g - a scroll of amnesia {unknown}
 i - a scroll of identify {unknown}
Potions
 h - a potion of curing {unknown}
 j - a potion of brilliance {unknown}


   Skills:
 + Level 4.3 Fighting
 + Level 4.8 Polearms
 + Level 2.7 Armour
 + Level 2.3 Dodging
 + Level 0.1 Stealth


You had 2 spell levels left.
You didn't know any spells.
Your spell library was empty.

Dungeon Overview and Level Annotations

Branches:
Dungeon (2/15)

Altars:

Annotations:
D:3 Sigmund


Innate Abilities, Weirdness & Mutations

You have a pair of horns on your head.
You reflexively headbutt those who attack you in melee.


Message History

Press: ? - help, Q - select action Dir - look around, f - activate Your skin crawls.
You feel strong-willed.
You feel very sick.
Sigmund points at you and mumbles some strange words.
The magic dart hits you!
You hit Sigmund. You headbutt Sigmund.
Sigmund is moderately wounded.
You feel very sick. Sigmund closely misses you.
You hit Sigmund. Your headbutt misses Sigmund.
Sigmund is moderately wounded.
You feel sick.
You hit Sigmund.
Sigmund is heavily wounded.
You feel sick. Sigmund barely misses you.
You closely miss Sigmund.
Sigmund is heavily wounded.
You feel sick. Sigmund misses you.
You hit Sigmund.
Sigmund is severely wounded.
You feel sick.
You hit Sigmund.
Sigmund is severely wounded.
You feel sick. Sigmund casts a spell at you. The puff of flame hits you.
* * * LOW HITPOINT WARNING * * *
You hit Sigmund but do no damage. You headbutt Sigmund.
Sigmund is almost dead.
You feel sick.
Sigmund casts a spell.
Sigmund flickers and vanishes!
Deactivating autopickup; reactivate with Ctrl-A.
You barely miss something.
You feel sick.
You miss something. Your headbutt misses something.
You feel sick.
You hear some strange, mumbled words.
A puff of flame appears from out of thin air!
The puff of flame hits you.
You die...

### #.. #.# ## #.#
##.# #.#
##...#####.#########
#...................
##..)#@###.###.##.##
##.#..{##.# #
..........#
#####.#.##.# ..
...#.# ### #.# ## .#
.#


There were no monsters in sight!

Vanquished Creatures
  An adder (D:2)
  A worm (D:2)
  A dart slug (D:1)
  10 endoplasms
  2 giant cockroaches
  4 goblins (D:1)
  2 hobgoblins (D:1)
  3 kobolds (D:1)
  3 quokkas
  A ball python (D:1)
  4 bats
  3 frilled lizards (D:1)
  A rat (D:1)
36 creatures vanquished.

Notes
Turn   | Place    | Note
-------+----------+-------------------------------------------
     0 | D:1      | Curundu the Minotaur Berserker began the quest for the Orb.
     0 | D:1      | Reached XP level 1. HP: 19/19 MP: 0/0
   134 | D:1      | Reached XP level 2. HP: 22/27 MP: 1/1
   381 | D:1      | Reached ** piety under Trog
   467 | D:1      | Reached XP level 3. HP: 27/33 MP: 2/2
  1173 | D:2      | You fall into a shaft and drop 1 floor!
  1185 | D:3      | Noticed Sigmund
  1196 | D:3      | Killed from afar by Sigmund

Illustrated notes

Levels and vault maps discovered:
D:1:      minmay_arrival_diagonal_passages, layout_basic,
          kennysheep_flooded_box, minmay_tetromino_l4
D:2:      layout_basic, uniq_terence
D:3:      layout_loops_ring, uniq_crazy_yiuf_cottage, uniq_sigmund

Skill      XL: |  1  2 |
---------------+-------+-----
Fighting       | 4 |  4.3
Polearms       | 4 |  4.8
Armour         | |  2.7
Dodging        | |  2.3
Stealth        | |  0.1

Action                     || total
---------------------------++-------
  Melee: Spear             ||    90
         Headbutt          ||    16
 Invoke: Trog's Hand       ||     1
   Stab: Sleeping          ||     2
 Armour: Animal skin       ||    42
  Dodge: Dodged            ||    49

Table legend: (Time is in decaauts)
 A = Elapsed time spent in this place.
 B = Non-inter-level travel time spent in this place.
 C = Inter-level travel time spent in this place.
 D = Time resting spent in this place.
 E = Time spent auto-exploring this place.
 F = Levels seen in this place.
 G = Mean time per level.
                   A        B        C        D        E       F      G
               +--------+--------+--------+--------+--------+-----+--------+
         Total |   1185 |   1185 |      0 |      0 |    888 |   3 |  395.0 |
       Dungeon |   1185 |   1185 |      0 |      0 |    888 |   3 |  395.0 |
               +--------+--------+--------+--------+--------+-----+--------+

Top non-repeatable levels by time:
     D:1: 1023 daAuts
     D:2: 140 daAuts
     D:3: 21 daAuts
